 Dungeon Crawl Stone Soup version 0.20.1-1-g8b1a95d (webtiles) character file.

1684 Gargoyl the Protected (level 8, 0/70 HPs)
             Began as a Minotaur Abyssal Knight on July 21, 2017.
             Was a Priest of Lugonu.
             Slain by an orc warrior
             ... wielding a +0 short sword
              (10 damage)
             ... on level 6 of the Dungeon.
             The game lasted 00:11:39 (6301 turns).

Gargoyl the Protected (Minotaur Abyssal Knight)     Turns: 6301, Time: 00:11:40

Health: 0/70       AC:  9    Str: 18    XL:     8   Next: 71%
Magic:  10/10      EV: 10    Int: 11    God:    Lugonu [***...]
Gold:   267        SH:  0    Dex: 11    Spells: 7/7 levels left

rFire    + + .     SeeInvis +   v - +1 hand axe (elec)
rCold    . . .     Gourm    .   (no shield)
rNeg     . . .     Faith    .   o - +0 scale mail
rPois    .         Spirit   .   (helmet restricted)
rElec    +         Reflect  .   y - scarf {rC+ rF+}
rCorr    .         Harm     .   A - +0 pair of gloves
MR       .....                  (no boots)
Stlth    ..........             (no amulet)
Regen    0.3/turn               C - ring of Tennum {rElec rF+ rC- Int+2 SInv}
MPRegen  0.2/turn               (no ring)

@: no status effects
A: retaliatory headbutt, horns 2
a: Depart the Abyss, Bend Space, Banish, Renounce Religion


You were on level 6 of the Dungeon.
You worshipped Lugonu.
Lugonu was most pleased with you.
You were not hungry.

You visited 1 branch of the dungeon, and saw 6 of its levels.
You visited the Abyss 1 time.

You collected 267 gold pieces.

Inventory:

Hand Weapons
 a - a +2 hand axe
 d - the +2 arbalest "Vicen" {freeze, rElec rN+}
   (You found it on level 2 of the Abyss)

   It causes projectiles fired from it to freeze those they strike, causing
   extra injury to most foes and up to half again as much damage against
   particularly susceptible opponents.
   They can also slow down cold-blooded creatures.
   It insulates you from electricity.
   It protects you from negative energy.
 v - a +1 hand axe of electrocution (weapon)
Missiles
 e - 125 stones (quivered)
Armour
 o - a +0 scale mail (worn)
 y - a scarf of resistance (worn)
 A - a +0 pair of gloves (worn)
Jewellery
 r - an uncursed ring of ice
 C - the ring of Tennum (left hand) {rElec rF+ rC- Int+2 SInv}
   (You found it on level 4 of the Dungeon)

   [ring of intelligence]

   It affects your intelligence (+2).
   It protects you from fire.
   It makes you vulnerable to cold.
   It insulates you from electricity.
   It lets you see invisible.
 E - a +3 ring of strength {unknown}
Wands
 f - a wand of iceblast (5/15)
 g - a wand of digging (12/24)
 h - a wand of polymorph (14/24)
 z - a wand of polymorph (13/24)
Scrolls
 i - 2 scrolls of teleportation
 j - 2 scrolls of blinking
 k - 5 scrolls of fear
 D - 2 scrolls of remove curse
 F - a scroll of identify
 G - 2 scrolls of noise {unknown}
Potions
 b - 2 potions of heal wounds {unknown}
 l - 2 potions of might {unknown}
 m - a potion of cancellation
 n - a potion of magic {unknown}
 p - a potion of haste {unknown}
 u - a potion of mutation {unknown}
 w - a potion of brilliance {unknown}
 B - a potion of degeneration {unknown}
 I - a potion of flight {unknown}
Books
 x - a book of Conjurations

   Spells                             Type                      Level
   a - Magic Dart                     Conjuration                  1
   b - Searing Ray                    Conjuration                  2
   c - Dazzling Spray                 Conjuration/Hexes            3
   d - Fulminant Prism                Conjuration/Hexes            4
   e - Force Lance                    Conjuration/Translocation    4
   f - Iskenderun's Mystic Blast      Conjuration                  4
Comestibles
 c - 3 bread rations
 q - 3 royal jellies
 t - 4 fruits
 H - a meat ration
 J - 2 chunks of flesh


   Skills:
 + Level 5.9 Fighting
 + Level 7.3 Axes
 + Level 0.2 Throwing
 * Level 8.6 Armour
 + Level 2.1 Dodging
 * Level 5.0 Invocations


You had 7 spell levels left.
You didn't know any spells.

Dungeon Overview and Level Annotations

Branches:
Dungeon (6/15)
 Temple: D:4-7

Altars:
Dithmenos
Gozag
Kikubaaqudgha
Sif Muna
Vehumet
Yredelemnul


Innate Abilities, Weirdness & Mutations

You reflexively headbutt those who attack you in melee.
You have a pair of horns on your head.


Message History

* * * LOW HITPOINT WARNING * * *
You feel better. The orc priest barely misses you.
The orc warrior barely misses you.
You feel better.
The orc priest hits you but does no damage.
The orc warrior hits you with a short sword!
* * * LOW HITPOINT WARNING * * *
You slash the orc priest!
Lightning courses through the orc priest!
You kill the orc priest!
Lugonu accepts your kill.
You can now banish your foes.
You completely miss the orc warrior.
The orc warrior hits you with a short sword.
* * * LOW HITPOINT WARNING * * *
Items here: ) [ †† a leather armour; a short sword; an orc corpse x2
You hit the orc warrior but do no damage.
The orc warrior is severely wounded.
The orc warrior hits you with a short sword!
You die...

#...#..####......##
#......####.......#
......<..##.........#
...................#
##..................#
##......####........#
##....## ####....##
.#####..[.## #...#
.......@o..#
...........#
.###........#
##.......# #........#
....!......
............
#........#...


You could see an orc warrior.

Vanquished Creatures
  A centaur skeleton (D:6)
  Grinder (D:5)
  A shadow (D:4)
  Edmund (D:4)
  An ogre (D:4)
  2 big kobolds
  A bullfrog (D:4)
  2 scorpions (D:4)
  A killer bee (D:4)
  A hound (D:4)
  2 orc priests
  A bullfrog skeleton (D:5)
  2 orc wizards
  An iguana (D:4)
  Natasha (thrice) (D:4)
  3 worker ants
  A hound skeleton (D:6)
  A howler monkey skeleton (D:5)
  5 adders
  2 oozes (D:2)
  2 adder skeletons
  A worm (D:3)
  A dart slug (D:4)
  6 leopard geckos
  9 orcs
  2 ball pythons
  2 giant cockroaches
  10 goblins
  8 hobgoblins
  4 jackals (D:4)
  2 quokkas
  11 bats
  10 frilled lizards
  11 kobolds
  2 leopard gecko skeletons
  6 rats
120 creatures vanquished.

Notes
Turn   | Place    | Note
-------+----------+-------------------------------------------
     0 | Abyss:1  | Gargoyl the Minotaur Abyssal Knight began the quest for the Orb.
     0 | Abyss:1  | Reached XP level 1. HP: 19/19 MP: 1/1
    16 | Abyss:2  | Got an encrusted arbalest
    22 | Abyss:3  | Found a corrupted altar of Lugonu.
    55 | Abyss:3  | Noticed a chaos spawn
    55 | Abyss:3  | Noticed a wretched star
    56 | D:1      | Escaped the Abyss
   374 | D:1      | Reached XP level 2. HP: 27/27 MP: 2/2
   410 | D:1      | Reached skill level 3 in Armour
   607 | D:1      | Reached * piety under Lugonu
  1581 | D:2      | Reached XP level 3. HP: 33/33 MP: 3/3
  1837 | D:2      | Found a radiant altar of Vehumet.
  2097 | D:2      | Reached ** piety under Lugonu
  2097 | D:2      | Reached XP level 4. HP: 35/41 MP: 4/4
  2436 | D:3      | Found a basalt altar of Yredelemnul.
  2501 | D:4      | Reached skill level 5 in Fighting
  2501 | D:4      | Reached XP level 5. HP: 11/48 MP: 4/6
  2995 | D:3      | Reached skill level 4 in Armour
  3199 | D:3      | Identified the +2 arbalest "Vicen" {freeze, rElec rN+} (You found it on level 2 of the Abyss)
  3455 | D:3      | Found an opulent altar of Gozag.
  3724 | D:4      | Reached XP level 6. HP: 56/56 MP: 7/7
  3755 | D:4      | Noticed Edmund
  3778 | D:5      | Entered Level 5 of the Dungeon
  4082 | D:4      | Killed Edmund
  4082 | D:4      | Reached skill level 5 in Axes
  4082 | D:4      | Reached skill level 5 in Armour
  4471 | D:4      | Noticed Natasha
  4472 | D:4      | Killed Natasha
  4472 | D:4      | Reached XP level 7. HP: 61/61 MP: 8/8
  4496 | D:4      | Noticed Natasha
  4503 | D:4      | Killed Natasha
  4633 | D:4      | Noticed a shadow
  4633 | D:4      | Found a deep blue altar of Sif Muna.
  4633 | D:4      | Found a transporter.
  4644 | D:4      | Found a transporter.
  4655 | D:4      | Killed a shadow
  4655 | D:4      | Reached skill level 6 in Armour
  4665 | D:4      | Reached skill level 7 in Armour
  4797 | D:4      | Got a transparent iron ring
  4821 | D:4      | Identified the ring of Tennum {rElec rF+ rC- Int+2 SInv} (You found it on level 4 of the Dungeon)
  4983 | D:4      | Noticed Natasha
  4997 | D:4      | Killed Natasha
  5205 | D:4      | Found a shadowy altar of Dithmenos.
  5205 | D:4      | Found an ancient bone altar of Kikubaaqudgha.
  5394 | D:4      | Reached XP level 8. HP: 54/70 MP: 10/10
  5509 | D:5      | Noticed Grinder
  5520 | D:5      | Killed Grinder
  5774 | D:5      | Found a basalt altar of Yredelemnul.
  5832 | D:5      | Reached skill level 8 in Armour
  6197 | D:6      | Reached skill level 5 in Invocations
  6295 | D:6      | HP: 3/70 [orc priest (2)]
  6298 | D:6      | Reached *** piety under Lugonu
  6301 | D:6      | Slain by an orc warrior

Skill      XL: |  1  2  3  4  5  6  7  8 |
---------------+-------------------------+-----
Armour         | 3 4 5 7 8 |  8.6
Fighting       | 4 5 |  5.9
Axes           | 3 4 5 6 7 |  7.3
Invocations    | 2 3 4 5 |  5.0
Dodging        | 2 |  2.1
Throwing       | |  0.2

Action                   |  1- 3 |  4- 6 |  7- 9 || total
-------------------------+-------+-------+-------++-------
Melee: Hand axe          |    88 |   114 |    97 ||   299
       Headbutt          |    11 |    20 |    15 ||    46
       Unarmed           |       |       |    10 ||    10
Throw: Stone             |       |       |     2 ||     2
Invok: Depart the Abyss  |     1 |       |       ||     1
       Bend Space        |       |     1 |       ||     1
Evoke: Wand              |       |     1 |       ||     1
  Use: Scroll            |     5 |     3 |       ||     8
       Potion            |       |     1 |     3 ||     4
  Eat: Chunk             |     4 |     7 |     3 ||    14
       Bread ration      |       |       |     1 ||     1
Armor: Leather armour    |    15 |       |       ||    15
       Scale mail        |    21 |    46 |    58 ||   125
       Skin              |       |       |     1 ||     1
Dodge: Dodged            |    55 |    65 |    57 ||   177
